 Dungeon Crawl Stone Soup version 0.26-a0-1101-g8f9f7f7418 (webtiles) character file.

Game seed: 17999665293986290365

1393 DasRunzen the Sneak (level 8, -1/61 HPs)
             Began as a Vampire Fighter on May 13, 2020.
             Splashed by a jelly's acid (8 damage)
             ... on level 8 of the Dungeon on Dec 15, 2020.
             The game lasted 00:10:00 (4232 turns).

DasRunzen the Sneak (Vampire Fighter)               Turns: 4232, Time: 00:10:01

Health: -1/61      AC:  0    Str: 16    XL:     8   Next: 41%
Magic:  0/8        EV: 10    Int: 10    God:
Gold:   274        SH:  9    Dex: 15    Spells: 7/7 levels left

rFire    . . .     SeeInvis +   a - +2 rapier
rCold    + . .     Faith    .   c - +0 kite shield
rNeg     . . .     Spirit   +   b - +0 scale mail
rPois    +         Reflect  .   m - +0 helmet
rElec    .         Harm     .   (no cloak)
rCorr    .         Rampage  .   h - +2 pair of gloves
Will     .....                  (no boots)
Stlth    ++........             n - amulet of guardian spirit
HPRegen  0.40/turn              f - ring of poison resistance
MPRegen  0.11/turn              q - ring of protection from cold

@: corroded, regenerating quickly
A: fangs 3, see invisible, unbreathing
a: Exsanguinate


You were on level 8 of the Dungeon.
You visited 1 branch of the dungeon, and saw 6 of its levels.

You collected 274 gold pieces.

Inventory:

Hand Weapons
 a - a +2 rapier (weapon)
Armour
 b - a +0 scale mail (worn)
 c - a +0 kite shield (worn)
 h - a +2 pair of gloves (worn)
 m - a +0 helmet (worn)
Jewellery
 f - a ring of poison resistance (left hand)
 n - an amulet of guardian spirit (around neck)
 q - a ring of protection from cold (right hand)
 v - an uncursed amulet of the acrobat {unknown}
Wands
 s - a wand of flame (20)
 y - a wand of random effects (15)
 A - a wand of acid (6)
Scrolls
 o - 4 scrolls of teleportation
 r - 3 scrolls of remove curse
 x - 3 scrolls of amnesia
 z - a scroll of enchant weapon
Potions
 d - 2 potions of might
 e - 3 potions of flight
 g - a potion of cancellation
 i - a potion of invisibility
 j - 2 potions of attraction
 k - 2 potions of curing {unknown}
 l - a potion of brilliance {unknown}
 p - 2 potions of degeneration {unknown}
 t - a potion of haste {unknown}
 u - 3 potions of heal wounds
 w - a potion of resistance {unknown}
 B - a potion of berserk rage {unknown}


   Skills:
 + Level 4.6 Fighting
 + Level 5.0 Short Blades
 + Level 4.2 Armour
 + Level 4.4 Dodging
 + Level 6.4 Stealth
 + Level 4.6 Shields


You had 7 spell levels left.
You didn't know any spells.
Your spell library was empty.

Dungeon Overview and Level Annotations

Branches:
Dungeon (5/15)
 Temple: D:4-7

Altars:
Elyvilon
Hepliaklqana
Makhleb
Nemelex Xobeh
Ru
Sif Muna
Vehumet
Wu Jian
Yredelemnul
The Shining One


Innate Abilities, Weirdness & Mutations

Your natural rate of healing is unusually fast.
You have razor-sharp teeth.
You have supernaturally acute eyesight. (SInv)
You can survive without breathing.


Message History

The jelly is almost dead.
You block the jelly's attack.
You hit the jelly but do no damage.
Your hands burn!
The jelly is almost dead.
The jelly hits you.
* * * LOW HITPOINT WARNING * * *
The acid corrodes you!
You are splashed with acid!
* * * LOW HITPOINT WARNING * * *
An orc comes into view. It is wielding a +0 dagger.
The jelly closely misses you.
The orc shouts!
You hit the jelly.
Your hands burn!
* * * LOW HITPOINT WARNING * * *
The jelly is almost dead.
You hear a shout! x3
An orc warrior comes into view.
It is wielding a +0 short sword and quivering 12 poisoned darts.
The jelly hits you.
* * * LOW HITPOINT WARNING * * *
You are splashed with acid!
You die...

#....#........ ...o
#....#........ ....
#....#..##'### #....
#....#..#...(. #....
#....#..#..... #.....
#....#..'.....
#.....#+###[...####.....
#..<....................
#......@......)....#####
#......J...........'....
...................#....
#..................#..##
.....###################
..... ....... ....
....... .... .......
.......


You could see an orc warrior and a jelly.

Vanquished Creatures
  Grinder (D:5)
  A hornet (D:8)
  Menkaure (D:4)
  An ice beast (D:8)
  2 phantoms (D:4)
  A centaur (D:3)
  A bullfrog (D:8)
  A jelly (D:3)
  A bullfrog zombie (D:5)
  2 hounds
  An orc wizard (D:8)
  Jessica (D:3)
  Terence (D:2)
  A worker ant (D:4)
  An iguana (D:4)
  Robin (D:2)
  A howler monkey skeleton (D:5)
  10 adders
  An ufetubus (D:8)
  2 oozes
  4 worms
  A dart slug (D:1)
  5 leopard geckos
  14 orcs
  2 ball pythons
  6 bats
  A giant cockroach (D:1)
  14 goblins
  8 hobgoblins
  3 jackals (D:1)
  4 kobolds
  2 quokkas
  A frilled lizard (D:2)
  3 rats
100 creatures vanquished.

Vanquished Creatures (others)
  A quokka (D:4)
1 creature vanquished.

Grand Total: 101 creatures vanquished

Notes
Turn   | Place    | Note
-------+----------+-------------------------------------------
     0 | D:1      | DasRunzen the Vampire Fighter began the quest for the Orb.
     0 | D:1      | Reached XP level 1. HP: 17/17 MP: 1/1
   233 | D:1      | Reached XP level 2. HP: 23/23 MP: 2/2
   239 | D:1      | Reached skill level 1 in Stealth
   741 | D:2      | Reached skill level 1 in Dodging
   741 | D:2      | Reached XP level 3. HP: 27/29 MP: 3/3
   772 | D:2      | Noticed Terence
   780 | D:2      | Killed Terence
   780 | D:2      | Reached skill level 2 in Stealth
   803 | D:2      | Reached XP level 4. HP: 35/35 MP: 4/4
   854 | D:2      | Noticed Robin
   873 | D:2      | Killed Robin
  1104 | D:2      | Found a radiant altar of Vehumet.
  1114 | D:2      | Found a basalt altar of Yredelemnul.
  1188 | D:2      | Found an ornate altar of the Wu Jian Council.
  1199 | D:2      | Found a hazy altar of Hepliaklqana.
  1335 | D:2      | Reached skill level 3 in Stealth
  1404 | D:2      | Reached XP level 5. HP: 41/41 MP: 5/5
  1562 | D:2      | Upgraded the game from 0.25-a0-1036-g6f112fb28d to
                  | 0.26-a0-1101-g8f9f7f7418
  1824 | D:3      | Found a glowing golden altar of the Shining One.
  1824 | D:3      | Found a burning altar of Makhleb.
  1825 | D:3      | Found a sacrificial altar of Ru.
  1991 | D:3      | Found a sparkling altar of Nemelex Xobeh.
  1996 | D:3      | Noticed a centaur
  2013 | D:3      | Killed a centaur
  2054 | D:3      | Noticed Jessica
  2076 | D:3      | Reached XP level 6. HP: 45/47 MP: 6/6
  2083 | D:3      | Killed Jessica
  2109 | D:3      | Reached skill level 4 in Stealth
  2470 | D:4      | Noticed Menkaure
  2905 | D:4      | Reached XP level 7. HP: 39/53 MP: 5/7
  2978 | D:4      | Found a white marble altar of Elyvilon.
  2994 | D:4      | Killed Menkaure
  2995 | D:4      | Reached skill level 5 in Stealth
  3289 | D:5      | Entered Level 5 of the Dungeon
  3299 | D:5      | Found a shimmering blue altar of Sif Muna.
  3329 | D:5      | Noticed Grinder
  3332 | D:5      | Paralysed by Grinder for 7 turns
  3352 | D:5      | Killed Grinder
  3744 | D:5      | You fall into a shaft and drop 3 floors!
  3770 | D:8      | Reached XP level 8. HP: 61/61 MP: 8/8
  3963 | D:8      | Noticed a hornet
  3991 | D:8      | Killed a hornet
  3992 | D:8      | Reached skill level 6 in Stealth
  4146 | D:8      | Reached skill level 5 in Short Blades
  4232 | D:8      | Splashed by a jelly's acid

Illustrated notes

Levels and vault maps discovered:
D:1:      dpeg_arrival_boxorama, layout_loops_ring
D:2:      minmay_chambers_of_ones, layout_basic, lemuel_doored_altar,
          yredelemnul_altar_generic, minitemple,
          hangedman_abyss_or_decor_lesser_grid, uniq_terence, uniq_robin
D:3:      layout_basic, gammafunk_temple_overflow_forgotten,
          general_overflow_altar, uniq_jessica
D:4:      layout_basic, serial_co_window_serial, co_window_corner_a,
          co_window_corner_a, co_window_corner_a, co_window_paths_a,
          co_window_paths_a, co_window_of_opportunity_b, co_window_broadway_a,
          co_window_corner_b, co_window_unsneaky_path_a, co_window_broadway_a,
          co_window_unsneaky_path_b, co_window_of_opportunity_c,
          glass_columns_a, glass_columns_a, glass_columns_b, glass_columns_c,
          glass_columns_a, elyvilon_altar_4, uniq_menkaure
D:5:      layout_basic, old_standard_altar, moated_statue, uniq_grinder
D:8:      layout_gridville, nicolae_overflow_hidden_temple, chequers_jeans

Skill      XL: |  1  2  3  4  5  6  7  8 |
---------------+-------------------------+-----
Stealth        | 1 2 3 4 5 6 |  6.4
Fighting       | 3 4 |  4.6
Dodging        | 1 2 3 4 |  4.4
Shields        | 3 4 |  4.6
Short Blades   | 3 4 5 |  5.0
Armour         | 3 4 |  4.2

Action                   |  1- 3 |  4- 6 |  7- 9 || total
-------------------------+-------+-------+-------++-------
Melee: Rapier            |    94 |   313 |   127 ||   534
       Bite              |    10 |    32 |    20 ||    62
  Use: Scroll            |     4 |     4 |     6 ||    14
       Potion            |       |       |     2 ||     2
 Stab: Sleeping          |       |     1 |       ||     1
Armor: Scale mail        |    58 |   113 |    35 ||   206
Dodge: Dodged            |    28 |    89 |    39 ||   156
Block: Kite shield       |    51 |   131 |    54 ||   236

Table legend: (Time is in decaauts)
 A = Elapsed time spent in this place.
 B = Non-inter-level travel time spent in this place.
 C = Inter-level travel time spent in this place.
 D = Time resting spent in this place.
 E = Time spent auto-exploring this place.
 F = Levels seen in this place.
 G = Mean time per level.
                   A        B        C        D        E       F      G
               +--------+--------+--------+--------+--------+-----+--------+
         Total |   4286 |   4225 |     61 |    122 |   3066 |   6 |  714.3 |
       Dungeon |   4286 |   4225 |     61 |    122 |   3066 |   6 |  714.3 |
               +--------+--------+--------+--------+--------+-----+--------+

Top non-repeatable levels by time:
     D:4: 909 daAuts
     D:3: 832 daAuts
     D:8: 493 daAuts
     D:5: 456 daAuts
     D:2: 7 daAuts
Note: time per level data comes from an upgraded game and may be incomplete.
